 Dungeon Crawl Stone Soup version 0.27-a0-1525-g1038ab4fd7 (webtiles) character file.

Game seed: 16014895517166144815

24 gimp the Skirmisher (level 3, 0/29 HPs)
             Began as a Formicid Monk on July 11, 2021.
             Succumbed to Robin's poison
             ... on level 2 of the Dungeon.
             The game lasted 00:01:50 (1479 turns).

gimp the Skirmisher (Formicid Monk)                 Turns: 1479, Time: 00:01:50

Health: 0/29       AC:  6    Str: 16    XL:     3   Next: 15%
Magic:  3/3        EV:  7    Int:  9    God:
Gold:   39         SH:  7    Dex: 13    Spells: 2/2 levels left

rFire    . . .     SeeInvis +   a - +0 hand axe
rCold    . . .     Faith    .   e - +0 kite shield
rNeg     . . .     Spirit   .   d - +0 scale mail
rPois    .         Reflect  .   (helmet unavailable)
rElec    .         Harm     .   (no cloak)
rCorr    .         Rampage  .   (no gloves)
Will     .....                  (no boots)
Stlth    +.........             (no amulet)
HPRegen  0.09/turn              (no ring)
MPRegen  0.08/turn              (no ring)

@: lethally poisoned (0 -> -11)
A: permanent stasis, dig shafts and tunnels, antennae 3, four strong arms
a: Dig, Shaft Self


You were on level 2 of the Dungeon.
You visited 1 branch of the dungeon, and saw 2 of its levels.

You collected 39 gold pieces.

Inventory:

Hand Weapons
 a - a +0 hand axe (weapon)
Armour
 d - a +0 scale mail (worn)
 e - a +0 kite shield (worn)
Potions
 b - a potion of curing


   Skills:
 + Level 3.5 Fighting
 * Level 3.5 Axes
 + Level 1.1 Armour
 - Level 2.6 Dodging
 - Level 2.4 Stealth
 + Level 0.6 Shields


You had 2 spell levels left.
You didn't know any spells.
Your spell library contained the following spells:

 Spells                   Type           Power      Damage    Failure   Level
 Apportation              Tloc           0%         N/A       100%        1
 Shock                    Conj/Air       0%         1d3       100%        1
 Airstrike                Air            0%         N/A       100%        4
 Alistair's Intoxication  Tmut/Pois      0%         N/A       100%        5
 Invisibility             Hex            0%         N/A       100%        6
 Swiftness                Air            Unusable   N/A       N/A         3

Dungeon Overview and Level Annotations

Branches:
Dungeon (2/15)

Altars:

Shops:
D:1 (:=?

Annotations:
D:2 Robin


Innate Abilities, Weirdness & Mutations

You cannot be hasted, slowed, berserked, paralysed or teleported.
You can dig through walls and to a lower floor.
You have a pair of large antennae on your head. (SInv)
Your four strong arms can wield two-handed weapons with a shield.


Message History

Robin hits you from afar with a +0 trident of venom!
You are poisoned.
You take 7 damage, and have 20/29 hp.
MASSIVE DAMAGE!!
You barely miss the goblin.
You feel very sick. Robin barely misses you.
The goblin hits you with a +0 club.
You take 4 damage, and have 16/29 hp.
You closely miss the goblin.
You feel very sick. Robin throws the goblin at you!
The goblin closely misses you. The goblin hits you with a +0 club.
Robin barely misses you. The goblin hits you but does no damage.
The goblin completely misses you.
You take 6 damage, and have 10/29 hp.
MASSIVE DAMAGE!!
You feel sick. You block the goblin's attack.
You see here 10 gold pieces.
You take 1 damage, and have 9/29 hp.
You feel sick.
The goblin unwields a +0 club.
The goblin wields a +0 hunting sling.
The goblin shoots a stone.
The stone barely misses you.
You take 1 damage, and have 8/29 hp.
You feel sick.
You take 1 damage, and have 7/29 hp.
You feel sick.
A goblin comes into view. It is wielding a +0 club.
You take 1 damage, and have 6/29 hp.
You feel sick.
You are no longer poisoned.
The goblin shouts!
You hear a shout!
A goblin comes into view. It is wielding a +0 club.
Robin roars a battlecry!
The goblins go into a battle-frenzy!
You hear a shout!
You see here a hobgoblin corpse.
You take 1 damage, and have 5/29 hp.
The goblin barely misses you.
Robin hits you from afar with a +0 trident of venom.
* * * LOW HITPOINT WARNING * * *
You are lethally poisoned!
You take 2 damage, and have 3/29 hp.
You die...

.. #..# { #.##..# #########
#..#..# ........#
#.#..####+## ........#
#..........#
....)...########...g.g....#
..............##..g#{.....#
#########.###.##...#####.##
#....#....#@#†# {..
#.#..#.####.#g# #.#
#.#..#....#.#.# {#
#.#..####.#.#g.{{ {{
###.#....##.#.###
#......#.##.#.#
#.#.#..#....#.#
#.#....######.#
#.####<######.#


You could see Robin and a goblin (strong).

Vanquished Creatures
  3 bats
  3 endoplasms (D:1)
  A giant cockroach (D:2)
  2 hobgoblins
  3 quokkas (D:1)
  2 ball pythons (D:1)
  A frilled lizard (D:1)
  5 kobolds
  2 rats (D:1)
22 creatures vanquished.

Notes
Turn   | Place    | Note
-------+----------+-------------------------------------------
     0 | D:1      | gimp the Formicid Monk began the quest for the Orb.
     0 | D:1      | Reached XP level 1. HP: 18/18 MP: 1/1
   185 | D:1      | Found Uhuacs's Weapon Boutique.
   479 | D:1      | Reached XP level 2. HP: 24/24 MP: 2/2
   480 | D:1      | Found Itoasul's Book Shop.
   570 | D:1      | Found Roz Ump's Magic Scroll Shop.
   802 | D:1      | Found Uga Ojiw's Jewellery Emporium.
  1344 | D:2      | Reached skill level 1 in Armour
  1375 | D:2      | Reached XP level 3. HP: 29/29 MP: 3/3
  1468 | D:2      | Noticed Robin
  1479 | D:2      | Succumbed to Robin's poison

Illustrated notes

Levels and vault maps discovered:
D:1:      giann_horns, layout_basic, serial_shops, shop_fountains, shop,
          nicolae_lakefront_shop, nicolae_square_shop
D:2:      layout_basic, ebering_ecumenical_altar_rust, uniq_robin

Skill      XL: |  1  2 |
---------------+-------+-----
Armour         | 1 |  1.1
Fighting       | |  3.5
Axes           | |  3.5
Dodging        | |  2.6
Stealth        | |  2.4
Shields        | |  0.6

Action                   || total
-------------------------++-------
Melee: Hand axe          ||    68
 Abil: Dig               ||     1
  Use: Scroll            ||     3
 Stab: Sleeping          ||     2
Armor: Robe              ||     6
       Scale mail        ||    26
Dodge: Dodged            ||    37
Block: Kite shield       ||    22

Table legend: (Time is in decaauts)
 A = Elapsed time spent in this place.
 B = Non-inter-level travel time spent in this place.
 C = Inter-level travel time spent in this place.
 D = Time resting spent in this place.
 E = Time spent auto-exploring this place.
 F = Levels seen in this place.
 G = Mean time per level.
                   A        B        C        D        E       F      G
               +--------+--------+--------+--------+--------+-----+--------+
         Total |   1501 |   1471 |     30 |      0 |   1253 |   2 |  750.5 |
       Dungeon |   1501 |   1471 |     30 |      0 |   1253 |   2 |  750.5 |
               +--------+--------+--------+--------+--------+-----+--------+

Top non-repeatable levels by time:
     D:1: 1353 daAuts
     D:2: 147 daAuts
